 Dungeon Crawl Stone Soup version 0.25.1-2-g60ff931df9 (webtiles) character file.

Game seed: 6184638119204197822

7165 hawla the Cleaver (level 10, 0/90 HPs)
             Began as a Minotaur Berserker on Oct 2, 2020.
             Was a High Priest of Trog.
             Slain by JayGee's ghost (10 damage)
             ... on level 9 of the Dungeon.
             The game lasted 00:23:36 (11022 turns).

hawla the Cleaver (Minotaur Berserker)             Turns: 11022, Time: 00:23:37

Health: 0/90       AC: 19    Str: 24    XL:     10   Next: 86%
Magic:  9/9        EV:  9    Int:  4    God:    Trog [*****.]
Gold:   33         SH:  0    Dex: 11    Spells: 9/9 levels left

rFire    . . .     SeeInvis .   z - +2 morningstar
rCold    . . .     Gourm    .   (no shield)
rNeg     . . .     Faith    .   x - +0 plate armour
rPois    +         Spirit   .   (helmet restricted)
rElec    .         Reflect  .   s - +0 cloak
rCorr    .         Harm     .   b - +1 pair of gloves
MR       .....                  t - +0 pair of boots
Stlth    ..........             r - amulet of the acrobat
HPRegen  0.25/turn              D - ring of poison resistance
MPRegen  0.11/turn              (no ring)

@: no status effects
A: retaliatory headbutt, horns 2
a: Berserk, Trog's Hand, Brothers in Arms, Renounce Religion


You were on level 9 of the Dungeon.
You worshipped Trog.
Trog was extremely pleased with you.
You were not hungry.

You visited 2 branches of the dungeon, and saw 10 of its levels.

You collected 378 gold pieces.
You spent 345 gold pieces at shops.

Inventory:

Hand Weapons
 z - a +2 morningstar (weapon)
 A - a +1 battleaxe of venom
Missiles
 f - 4 javelins (quivered)
 k - 40 poisoned darts
Armour
 b - a +1 pair of gloves (worn)
 n - a +1 leather armour of positive energy
 s - a +0 cloak (worn)
 t - a +0 pair of boots (worn)
 x - a +0 plate armour (worn)
Jewellery
 r - an amulet of the acrobat (around neck)
 D - a ring of poison resistance (left hand)
Wands
 v - a wand of iceblast (6)
 B - a wand of disintegration (17)
 C - a wand of flame (53)
 H - a wand of paralysis (5)
Scrolls
 e - 8 scrolls of identify
 i - 3 scrolls of enchant armour
 m - 2 scrolls of remove curse
 o - 2 scrolls of enchant weapon
 u - 4 scrolls of teleportation
 y - a scroll of fog
 E - a scroll of blinking
 G - 3 scrolls of magic mapping
Potions
 a - a potion of flight {unknown}
 d - a potion of cancellation
 g - 2 potions of mutation
 h - a potion of heal wounds
 j - 4 potions of curing
 l - 3 potions of stabbing
 p - a potion of resistance {unknown}
 q - 6 potions of lignification
 w - 4 potions of might
 F - a potion of haste {unknown}
Comestibles
 c - 10 rations


   Skills:
 + Level 8.5 Fighting
 + Level 11.7(12.8) Axes
 + Level 8.8(11.4) Maces & Flails
 + Level 1.6 Throwing
 + Level 10.0 Armour
 + Level 5.8 Dodging


You had 9 spell levels left.
You didn't know any spells.
Your spell library was empty.

Dungeon Overview and Level Annotations

Branches:
Dungeon (9/15)             Temple (1/1) D:6            Lair (0/6) D:9
    Orc: D:9-12

Altars:
Gozag
Kikubaaqudgha
Ru
Sif Muna
Trog

Shops:
D:6 *   D:9 }!%(

Annotations:
D:9 1 transporter, JayGee's ghost, novice MiFi


Innate Abilities, Weirdness & Mutations

You reflexively headbutt those who attack you in melee.
You have a pair of horns on your head.


Message History

JayGee's ghost is severely damaged.
JayGee's ghost hits you!
* * * LOW HITPOINT WARNING * * *
JayGee's ghost freezes you.
* * * LOW HITPOINT WARNING * * *
Your plate armour prevents you from hitting JayGee's ghost.
Your headbutt misses JayGee's ghost.
JayGee's ghost is severely damaged.
JayGee's ghost hits you!
* * * LOW HITPOINT WARNING * * *
JayGee's ghost freezes you.
* * * LOW HITPOINT WARNING * * *
You feel much better. JayGee's ghost hits you!
* * * LOW HITPOINT WARNING * * *
JayGee's ghost freezes you!
* * * LOW HITPOINT WARNING * * *
You barely miss JayGee's ghost.
JayGee's ghost is severely damaged.
JayGee's ghost hits you!
You die...

..# ###..###.###..###.# ##.##....
#.###...#########..##.###.§≈≈≈≈≈#
#.##...###.###.###.##....#.≈###≈.
#......##...#...##.##...##.§§∩#§.
####...##%###.#.##.....####§###§.
##..##...#(..##.###..###§≈≈§≈.
#..#$#.#.#.#.#...#.#.###.§§§.
#..#).#. y#W.#.#.#.##.#.#..##
##.©#y.#.# #)@#©..#...........
##>..#y.#...#†.#...######.#####
##....#W#y#.#.#.#...# #.###
##.....##yyy#.%.##.#.# #.#.##
#......##y#.###.##...######....##
'......##y..#...##...............
#......###y# #.###...######....##
##......#########..### #.#)##
##.....(###.###..## #.###


You could see JayGee's ghost.

Vanquished Creatures
  Pikel (D:6)
  A queen bee (D:9)
  A meliai (D:9)
  A troll (D:9)
  A hornet (D:9)
  2 hippogriffs
  A wyvern (D:8)
  Grum (D:8)
  A steam dragon (D:9)
  Menkaure (D:4)
  An ice beast (D:9)
  5 orc warriors
  An eye of draining (D:9)
  A necrophage (D:8)
  3 ogres
  A black bear (D:8)
  A phantom (D:9)
  3 wolves (D:8)
  6 centaurs
  A crocodile (D:7)
  2 big kobolds (D:9)
  8 bullfrogs
  A wyvern skeleton (D:5)
  15 killer bees
  8 wights
  7 howler monkeys
  3 crimson imps
  2 centaur skeletons
  4 hounds
  2 bullfrog skeletons
  An iguana (D:6)
  4 jellies
  Ijyb (D:5)
  4 orc wizards
  9 worker ants
  A hound zombie (D:8)
  3 gnolls (D:6)
  A howler monkey skeleton (D:4)
  7 adders
  3 shadow imps
  6 worms
  5 dart slugs
  9 leopard geckos
  19 orcs
  A ball python (D:2)
  3 bats
  4 giant cockroaches
  13 goblins
  8 hobgoblins
  10 jackals
  4 quokkas
  12 frilled lizards
  A jackal skeleton (D:9)
  22 kobolds
  11 rats
248 creatures vanquished.

Vanquished Creatures (others)
  A slave (D:6)
  A bullfrog (D:6)
  A crimson imp (D:6)
  An orc (D:6)
4 creatures vanquished.

Grand Total: 252 creatures vanquished

Notes
Turn   | Place    | Note
-------+----------+-------------------------------------------
     0 | D:1      | hawla the Minotaur Berserker began the quest for the Orb.
     0 | D:1      | Reached XP level 1. HP: 19/19 MP: 0/0
   163 | D:1      | Reached skill level 4 in Axes
   163 | D:1      | Reached XP level 2. HP: 27/27 MP: 1/1
   632 | D:1      | Reached XP level 3. HP: 22/33 MP: 2/2
   837 | D:1      | Reached ** piety under Trog
  2048 | D:2      | Reached XP level 4. HP: 40/40 MP: 3/3
  2200 | D:2      | Reached skill level 5 in Axes
  2586 | D:3      | Found a faded altar of an unknown god.
  3136 | D:3      | Reached XP level 5. HP: 47/47 MP: 4/4
  3203 | D:3      | Reached *** piety under Trog
  3732 | D:4      | Reached skill level 1 in Maces & Flails
  3748 | D:4      | Noticed Menkaure
  3756 | D:4      | Killed Menkaure
  3756 | D:4      | Reached XP level 6. HP: 32/53 MP: 5/5
  3906 | D:4      | Reached skill level 1 in Throwing
  4419 | D:4      | Reached skill level 6 in Axes
  4576 | D:4      | Reached XP level 7. HP: 60/60 MP: 6/6
  4687 | D:4      | Reached skill level 5 in Fighting
  4803 | D:4      | Got a scorched helmet
  4929 | D:5      | Entered Level 5 of the Dungeon
  5468 | D:5      | Noticed Ijyb
  5480 | D:5      | Killed Ijyb
  5634 | D:5      | Reached skill level 5 in Armour
  5793 | D:5      | Reached XP level 8. HP: 31/69 MP: 7/7
  5979 | D:5      | Reached **** piety under Trog
  5979 | D:5      | Reached skill level 5 in Dodging
  5984 | D:5      | Reached skill level 7 in Axes
  6066 | D:6      | Noticed Pikel
  6074 | D:6      | Killed Pikel
  6074 | D:6      | Reached skill level 8 in Axes
  6207 | D:6      | Reached skill level 5 in Maces & Flails
  6333 | D:6      | Found Ricruin's General Store.
  6383 | D:6      | Got a jewelled ring mail
  6394 | D:6      | Identified the cursed +1 ring mail of the Tortoise
                  | {*Corrode rPois Str+4} (You found it on level 6 of the
                  | Dungeon)
  6396 | D:6      | Found a staircase to the Ecumenical Temple.
  6438 | Temple   | Entered the Ecumenical Temple
  6494 | D:6      | Found a sacrificial altar of Ru.
  6577 | D:6      | Reached skill level 9 in Axes
  6577 | D:6      | Reached XP level 9. HP: 75/78 MP: 8/8
  7102 | D:7      | Found a shimmering blue altar of Sif Muna.
  7293 | D:7      | Reached skill level 10 in Axes
  8767 | D:8      | Noticed Grum
  8777 | D:8      | Reached XP level 10. HP: 81/88 MP: 9/9
  8784 | D:8      | Killed Grum
  8789 | D:8      | Reached ***** piety under Trog
  9677 | D:9      | Found Pussif's Antique Weapon Shoppe.
  9677 | D:9      | Found a bloodstained altar of Trog.
  9957 | D:9      | Found a staircase to the Lair.
 10174 | D:9      | Reached skill level 11 in Axes
 10237 | D:9      | Found a transporter.
 10239 | D:9      | Found a transporter.
 10240 | D:9      | Noticed JayGee's ghost (novice MiFi)
 10324 | D:9      | Found Aniv's Gadget Shoppe.
 10485 | D:9      | Found Zeggup's Food Shop.
 10540 | D:9      | Found Ororghecza's Distillery.
 10548 | D:9      | Bought 2 potions of curing for 90 gold pieces
 10548 | D:9      | Bought a potion of heal wounds for 75 gold pieces
 10548 | D:9      | Bought a potion of might for 60 gold pieces
 10548 | D:9      | Bought a potion of lignification for 45 gold pieces
 10548 | D:9      | Bought a potion of heal wounds for 75 gold pieces
 10837 | D:9      | Found a bloodstained altar of Trog.
 10952 | D:9      | Reached skill level 10 in Armour
 11022 | D:9      | Slain by JayGee's ghost

Illustrated notes

Levels and vault maps discovered:
D:1:      dpeg_arrival_morbid_curiosity, layout_loops_ring, minmay_ruptured
D:2:      layout_basic, first_ration
D:3:      layout_loops_cross, chequers_ecumenical_altar_simple_redux
D:4:      kennysheep_spiral_hall, layout_basic, uniq_menkaure
D:5:      layout_loops_cross, uniq_ijyb
D:6:      layout_rooms, minmay_temple_entry_overgrown, serial_shops, shop,
          nicolae_ru_sacrificial_ziggurat, uniq_pikel
D:7:      kennysheep_orc_sif_temple, layout_basic
D:8:      layout_basic, grunt_pizzeria, uniq_grum
D:9:      layout_loops_corners, bloody_trog, lair_entry_dummy, serial_shops,
          kennysheep_mini_moat, shop_fountains, shop, shop,
          gammafunk_ghost_hive, trog_hazing_becter
Temple:   regret_index_temple_sigil_plot

Skill      XL: |  1  2  3  4  5  6  7  8  9 10 |
---------------+-------------------------------+-----
Axes           | 4 5 6 9 10 11 | 11.7
Fighting       | 4 5 6 7 8 |  8.5
Dodging        | 3 4 5 |  5.8
Armour         | 3 4 5 6 7 10 | 10.0
Maces & Flails | 1 3 4 5 7 8 |  8.8
Throwing       | 1 |  1.6

Action                   |  1- 3 |  4- 6 |  7- 9 | 10-12 || total
-------------------------+-------+-------+-------+-------++-------
Melee: Hand axe          |    86 |    82 |       |       ||   168
       Headbutt          |    16 |    27 |    45 |    32 ||   120
       Mace              |    18 |    53 |    15 |       ||    86
       War axe           |       |       |    87 |       ||    87
       Morningstar       |       |       |   106 |    65 ||   171
       Battleaxe         |       |       |    44 |    91 ||   135
Throw: Dart              |       |     8 |       |       ||     8
       Javelin           |       |     4 |     2 |     2 ||     8
Evoke: Wand              |       |       |       |     1 ||     1
  Use: Scroll            |     3 |     7 |     6 |     5 ||    21
       Potion            |       |     1 |     1 |     4 ||     6
 Stab: Distracted        |       |       |     1 |       ||     1
       Paralysed         |       |       |       |     2 ||     2
  Eat: Chunk             |     4 |     7 |     8 |     5 ||    24
       Ration            |       |       |     2 |     1 ||     3
Armor: Animal skin       |    17 |       |       |       ||    17
       Leather armour    |     8 |    14 |       |       ||    22
       Ring mail         |       |    13 |     3 |       ||    16
       Scale mail        |       |       |    41 |       ||    41
       Chain mail        |       |       |    51 |       ||    51
       Plate armour      |       |       |    37 |    94 ||   131
Dodge: Dodged            |    80 |    87 |   212 |   104 ||   483
